 Dungeon Crawl Stone Soup version 0.31.0-32-g396128a36d (webtiles) character file.

Game seed: 1475651513722322982

5660 PaiMei the Scholar of Death (level 10, -13/79 HPs)
             Began as a Demonspawn Necromancer on Apr 23, 2024.
             Was a Follower of Kikubaaqudgha.
             Mangled by a yak (15 damage)
             ... on level 9 of the Dungeon.
             The game lasted 00:17:47 (13319 turns).

PaiMei the Scholar of Death (DsNe)                 Turns: 13319, Time: 00:17:47

Health: -13/79     AC:  5    Str:  9    XL:     10   Next: 47%
Magic:  4/21       EV: 20    Int: 20    God:    Kikubaaqudgha [*.....]
Gold:   383        SH:  0    Dex: 13    Spells: 16/24 levels left

rFire   . . .        D - +6 dagger "Hydra's Funeral" {freeze, rCorr}
rCold   . . .        (no shield)
rNeg    . . .        a - +0 robe
rPois   .            l - +0 helmet
rElec   .            (no cloak)
rCorr   +            s - +0 pair of gloves
SInv    .            x - +0 pair of boots
Will    .....        (no amulet)
Stlth   ++           C - +5 ring of evasion
HPRegen 0.33/turn    B - ring of wizardry
MPRegen 0.17/turn

%: wizardry (x1)
@: no status effects
A: hooves 1, demonic guardian 1
a: Renounce Religion, Unearth Wretches


You were on level 9 of the Dungeon.
You worshipped Kikubaaqudgha.
Kikubaaqudgha was aware of your devotion.
You visited 2 branches of the dungeon, and saw 10 of its levels.

You collected 419 gold pieces.
You spent 36 gold pieces at shops.

Inventory:

Hand Weapons
 o - a +0 dagger of flaming
 D - the +6 dagger "Hydra's Funeral" (weapon) {freeze, rCorr}
   (You took it off an orc on level 6 of the Dungeon)

   rCorr:     It protects you from acid and corrosion.
 E - a +3 whip of venom
 K - a +1 scimitar of flaming
Missiles
 k - 4 throwing nets
Armour
 a - a +0 robe (worn)
 l - a +0 helmet (worn)
 s - a +0 pair of gloves (worn)
 x - a +0 pair of boots (worn)
Jewellery
 u - a ring of willpower
 B - a ring of wizardry (right hand)
 C - a +5 ring of evasion (left hand)
 G - a +6 ring of strength
 J - a ring of protection from cold
Wands
 y - a wand of flame (17)
Scrolls
 e - 2 scrolls of enchant weapon
 f - a scroll of butterflies
 j - a scroll of blinking {unknown}
 m - 2 scrolls of immolation
 p - 4 scrolls of identify
 q - a scroll of torment
 r - 2 scrolls of teleportation {unknown}
 t - 2 scrolls of brand weapon {unknown}
 w - a scroll of vulnerability {unknown}
 F - a scroll of amnesia {unknown}
 H - a scroll of poison {unknown}
 I - 2 scrolls of noise {unknown}
Potions
 b - 2 potions of magic
 c - 2 potions of berserk rage {unknown}
 d - 2 potions of haste {unknown}
 g - 2 potions of lignification {unknown}
 h - a potion of degeneration {unknown}
 i - a potion of cancellation {unknown}
 n - 3 potions of heal wounds {unknown}
 v - a potion of enlightenment {unknown}
 z - 3 potions of curing
 A - a potion of attraction {unknown}


   Skills:
 + Level 7.3 Fighting
 + Level 7.4 Dodging
 - Level 3.0 Stealth
 + Level 7.5 Spellcasting
 + Level 9.7 Necromancy


You had 16 spell levels left.
You knew the following spells:

 Your Spells              Type           Power      Damage    Failure   Level
a - Necrotise             Necr           100%       1d9       1%          1
b - Vampiric Draining     Necr           46%        2d9       1%          3
c - Animate Dead          Necr           46%        N/A       1%          4

Your spell library contained the following spells:

 Spells                   Type           Power      Damage    Failure   Level
 Cigotuvi's Dreadful Rot  Necr/Alch/Air  40%        N/A       1%          2
 Sublimation of Blood     Necr           46%        N/A       1%          2
 Fugue of the Fallen      Necr           46%        N/A       1%          3
 Curse of Agony           Necr           46%        N/A       1%          5
 Scorch                   Fire           14%        2d5       6%          2
 Static Discharge         Conj/Air       14%        3-4/arc   6%          2
 Airstrike                Air            3%         2d(1-17)  32%         4
 Flame Wave               Conj/Fire      7%         2d5       32%         4
 Manifold Assault         Tloc           7%         N/A       32%         4
 Summon Lightning Spire   Summ/Air       7%         N/A       32%         4
 Dispersal                Tloc           3%         N/A       99%         6
 Summon Cactus Giant      Summ           3%         N/A       99%         6
 Disjunction              Tloc           3%         N/A       100%        8


Dungeon Overview and Level Annotations

Branches:
Dungeon (9/15)             Temple (1/1) D:7
   Lair: D:8-11         Orc: D:9-12

Altars:
Ashenzari
Cheibriados
Dithmenos
Fedhas
Gozag
Hepliaklqana
Kikubaaqudgha
Okawaru
Qazlal
Ru
Sif Muna
Uskayaw
Vehumet
Wu Jian
Xom
Yredelemnul

Shops:
D:6 **!

Annotations:
D:3 1 runed translucent door, jimmypageman's ghost, weakling GrFi
D:9 1 transporter, tbry's ghost, journeyman DsHu


Innate Abilities, Weirdness & Mutations

You have large cloven feet.
A weak demonic guardian rushes to your aid.


Message History

You don't have enough magic to cast this spell.
Casting: Vampiric Draining (safe; 1% risk of failure)
Confirm with . or Enter, or press ? or * to list all spells.
You don't have enough magic to cast this spell.
You hit the yak but do no damage. The yak closely misses you. x2
You barely miss the yak. You punch the yak, but do no damage.
The yak closely misses you. The yak misses you.
You hit the yak. You freeze the yak.
The yak is lightly wounded.
The yak closely misses you. The yak completely misses you.
You hit the yak. You freeze the yak.
The yak is lightly wounded.
The yak closely misses you. The yak barely misses you.
You closely miss the yak.
The yak is lightly wounded.
The yak gores you! The yak barely misses you.
You hit the yak. You freeze the yak.
The yak is lightly wounded.
The yak barely misses you. The yak closely misses you.
You hit the yak. You freeze the yak.
The yak is moderately wounded.
The yak barely misses you. The yak misses you.
You hit the yak but do no damage.
The yak is moderately wounded.
The yak closely misses you. The yak gores you!
A demonic guardian appears!
You hit the yak but do no damage.
The yak is moderately wounded.
The yak gores you!
* * * LOW HITPOINT WARNING * * *
The yak completely misses you.
Your shadow imp barely misses the yak.
You hit the yak but do no damage.
The yak is moderately wounded.
The yak misses you. The yak gores you!
* * * LOW HITPOINT WARNING * * *
Your shadow imp closely misses the yak.
You hit the yak but do no damage.
The yak is moderately wounded.
The yak gores you but does no damage. The yak gores you!
You die...
Kikubaaqudgha rasps: "You have failed me!
Welcome... death!"

######## ........
########
################ #
#...5Y@YYYY.)... #
#.##########..Y.
###########........
.
...........#.......
...........+.......
...........#.......
...........########
...........#
...†.......#


You could see 5 yaks and a friendly shadow imp (summoned).

Vanquished Creatures
  Erica (D:7)
  An unseen horror zombie (D:8)
  9 yaks
  A wyvern (D:7)
  2 steam dragons
  An acid dragon (D:5)
  2 hornet zombies (D:8)
  An orc warrior (D:8)
  A black bear (D:4)
  2 ogres (D:5)
  2 centaurs (D:9)
  3 bullfrogs
  2 scorpions (D:5)
  4 wights (D:8)
  6 killer bees
  3 howler monkeys
  4 centaur zombies (D:8)
  4 jellies
  A bombardier beetle (D:5)
  8 hounds
  An orc priest (D:5)
  A gnoll bouda (D:6)
  3 sleepcaps
  Jessica (D:2)
  6 orc wizards
  4 iguanas
  15 gnolls
  17 adders
  2 white imps
  5 dart slugs
  28 orcs
  13 ball pythons
  11 bats
  6 endoplasms
  6 giant cockroaches
  8 goblins
  6 hobgoblins
  A jackal (D:3)
  4 quokkas
  3 frilled lizards (D:3)
  9 kobolds
  8 rats
216 creatures vanquished.

Vanquished Creatures (collateral kills)
  A gnoll (D:6)
  A ribbon worm (D:4)
  2 orcs (D:8)
  A ball python (D:1)
  A goblin (D:1)
  A kobold (D:2)
7 creatures vanquished.

Vanquished Creatures (others)
  A hornet zombie (D:8)
  A scorpion (D:4)
2 creatures vanquished.

Grand Total: 225 creatures vanquished

Notes
Turn   | Place    | Note
-------+----------+-------------------------------------------
     0 | D:1      | PaiMei the Demonspawn Necromancer began the quest for the
                  | Orb.
     0 | D:1      | Reached XP level 1. HP: 13/13 MP: 3/3
    69 | D:1      | Found a faded altar of an unknown god.
    77 | D:1      | Gained mutation: You have large cloven feet. [demonic
                  | ancestry]
    77 | D:1      | Reached XP level 2. HP: 19/19 MP: 3/5
   481 | D:1      | Reached XP level 3. HP: 24/24 MP: 4/6
  1157 | D:2      | Reached XP level 4. HP: 14/30 MP: 4/7
  1509 | D:2      | Reached skill level 5 in Necromancy
  1611 | D:2      | Noticed Jessica
  1615 | D:2      | Killed Jessica
  1754 | D:2      | Gained mutation: A weak demonic guardian rushes to your
                  | aid. [demonic ancestry]
  1754 | D:2      | Reached XP level 5. HP: 35/35 MP: 6/9
  2391 | D:3      | Found a shimmering altar of Xom.
  2811 | D:3      | Reached skill level 1 in Fighting
  2929 | D:3      | Found a runed translucent door.
  2934 | D:3      | Noticed jimmypageman's ghost (weakling GrFi)
  3166 | D:3      | Reached XP level 6. HP: 39/43 MP: 5/11
  3912 | D:3      | Learned a level 3 spell: Vampiric Draining
  4718 | D:4      | Reached skill level 6 in Necromancy
  4718 | D:4      | Reached XP level 7. HP: 41/51 MP: 1/13
  5136 | D:5      | Entered Level 5 of the Dungeon
  6101 | D:5      | Noticed a yak
  6101 | D:5      | Noticed a yak
  6101 | D:5      | Noticed a yak
  6253 | D:5      | Reached XP level 8. HP: 57/59 MP: 3/15
  6788 | D:5      | Reached skill level 5 in Spellcasting
  6788 | D:5      | Reached skill level 7 in Necromancy
  7188 | D:6      | Found Uwapteap's Distillery.
  7225 | D:6      | Bought a potion of curing for 36 gold pieces
  7624 | D:6      | Reached skill level 5 in Dodging
  7803 | D:6      | Found Zin's Purification Station.
  7830 | D:6      | Found Zoraeve's Mass Market.
  8073 | D:6      | Identified the +6 dagger "Hydra's Funeral" {freeze, rCorr}
  8217 | D:6      | Found a shadowy altar of Dithmenos.
  8729 | D:6      | Found a hide-covered altar of Uskayaw.
  8814 | D:7      | Found a staircase to the Ecumenical Temple.
  8843 | Temple   | Entered the Ecumenical Temple
  8849 | Temple   | Learned a level 4 spell: Animate Dead
  8858 | Temple   | Became a worshipper of Kikubaaqudgha
  8916 | D:7      | Reached skill level 5 in Fighting
  9264 | D:7      | Reached XP level 9. HP: 68/68 MP: 14/17
  9620 | D:7      | Found a broken altar of Ashenzari.
  9622 | D:7      | Found a hazy altar of Hepliaklqana.
  9624 | D:7      | Found a hide-covered altar of Uskayaw.
  9932 | D:8      | Reached skill level 8 in Necromancy
 10596 | D:8      | Noticed Erica
 10608 | D:7      | Killed Erica
 10851 | D:8      | Reached skill level 9 in Necromancy
 11339 | D:8      | Reached XP level 10. HP: 65/73 MP: 8/20
 11745 | D:8      | Reached * piety under Kikubaaqudgha
 11745 | D:8      | Received a gift from Kikubaaqudgha
 12759 | D:9      | Found a transporter.
 12942 | D:9      | Noticed tbry's ghost (journeyman DsHu)
 13318 | D:9      | HP: 2/79 [yak (12)]
 13319 | D:9      | Mangled by a yak

Illustrated notes

Levels and vault maps discovered:
D:1:      nicolae_arrival_memento_mori, layout_rooms,
          ebering_ecumenical_altar_abandoned
D:2:      layout_loops_ring, uniq_jessica
D:3:      minmay_octagon_keep, layout_basic, mainiacjoe_overflow_boulevard,
          ebering_ghost_reflecting_pool, nrook_mini_backslash
D:4:      layout_loops_cross
D:5:      layout_basic, serial_library_regret_index_split_case,
          grunt_ministairs_6
D:6:      layout_cave_pools, zin_purify, serial_shops,
          nicolae_shop_tiny_waterfront, hangedman_feature_mirror,
          minmay_shop_mass, kennysheep_cluttered_room
D:7:      layout_basic, grunt_temple_overflow_diamond, temple_doors_e,
          chequers_serial_rivers_micro_a
D:8:      layout_loops_corners, serial_undead, serial_undead_b, serial_undead_d,
          serial_undead_e, serial_undead_a, lemuel_flame_loot_1, uniq_erica
D:9:      layout_basic, makhleb_altar_promises_db, gammafunk_ghost_stat_death,
          minmay_crystal_room
Temple:   eino_temple_water

Skill      XL: |  1  2  3  4  5  6  7  8  9 10 |
---------------+-------------------------------+-----
Stealth        | 2 3 |  3.0
Dodging        | 2 3 4 5 6 7 |  7.4
Necromancy     | 5 6 7 9 |  9.7
Spellcasting   | 3 4 5 6 7 |  7.5
Fighting       | 1 2 3 5 6 7 |  7.3

Action                     |  1- 3 |  4- 6 |  7- 9 | 10-12 || total
---------------------------+-------+-------+-------+-------++-------
  Melee: Dagger            |     7 |    11 |   138 |   111 ||   267
         Unarmed           |     1 |       |       |       ||     1
         Kick              |     4 |     3 |     5 |       ||    12
         Punch             |       |       |     2 |     7 ||     9
   Cast: Necrotise         |    52 |   169 |   127 |    20 ||   368
         Vampiric Draining |       |     8 |    56 |    42 ||   106
    Use: Scroll            |       |       |     4 |       ||     4
   Stab: Distracted        |       |     1 |     1 |       ||     2
 Armour: Robe              |    54 |    65 |   139 |    59 ||   317
  Dodge: Dodged            |    65 |    56 |   225 |   154 ||   500
